 Dungeon Crawl Stone Soup version bcrawl-1.20 (webtiles) character file.

Game seed: 7714436665148133346

185 MisterOstroum the Ruffian (level 5, 0/50 HPs)
             Began as a Troll Sloth Apostle on Jan 20, 2020.
             Was a Follower of Cheibriados.
             Killed by divine providence
             ... invoked by an orc priest
              (14 damage)
             ... on level 3 of the Dungeon.
             The game lasted 00:05:59 (1528 turns).

MisterOstroum the Ruffian (Troll Sloth Apostle)     Turns: 1528, Time: 00:06:00

Health: 0/50       AC:  7    Str: 23    XL:     5   Next: 37%
Magic:  5/5        EV:  7    Int: 11    God:    Cheibriados [*.....]
Gold:   160        SH:  8    Dex: 11    Spells: 5/6 levels left

rFire    . . .     SeeInvis .     - Unarmed
rCold    . . .     Gourm    +   a - +0 shield
rNeg     . . .     Faith    .   (armour unavailable)
rPois    .         Spirit   .   (helmet restricted)
rElec    .         Reflect  .   c - +0 cloak
rCorr    .         Harm     .   (gloves unavailable)
MR       .....                  (boots unavailable)
Stlth    ++........             (no amulet)
HPRegen  0.56/turn              m - ring of flight
MPRegen  0.09/turn              (no ring)

@: very slow
A: large, almost no armour, unfitting armour, claws 3, fast metabolism 3,
gourmand, regeneration 1, AC +6
a: Bend Time, Renounce Religion, Evoke Flight


You were on level 3 of the Dungeon.
You worshipped Cheibriados.
Cheibriados was aware of your devotion.
You were very full.

You visited 1 branch of the dungeon, and saw 3 of its levels.

You collected 160 gold pieces.

Inventory:

Missiles
 g - 397 stones (quivered)
Armour
 a - a +0 shield (worn)
 c - a +0 cloak (worn)
 n - a scarf of cloud immunity
Jewellery
 m - a ring of flight (left claw)
Wands
 b - a wand of paralysis (10)
 p - a wand of random effects (12)
Scrolls
 f - a scroll of fear {unknown}
 i - a scroll of immolation {unknown}
 j - 4 scrolls of enchant weapon {unknown}
 k - 3 scrolls of identify {unknown}
 l - a scroll of magic mapping {unknown}
 o - 2 scrolls of teleportation {unknown}
Potions
 d - 2 potions of agility {unknown}
Comestibles
 e - 7 rations {!d}
 h - 2 chunks of flesh


   Skills:
 * Level 2.6 Fighting
 + Level 1.0 Dodging
 - Level 1.7 Stealth
 * Level 2.0 Shields
 * Level 3.2 Unarmed Combat
 - Level 1.0 Spellcasting
 - Level 1.0 Hexes
 + Level 1.2 Invocations
 + Level 1.2 Evocations


You had 5 spell levels left.
You knew the following spells:

 Your Spells              Type           Power        Failure   Level  Hunger
a - Slow                  Hex            #.......     67%         1    ##.....
Your spell library was empty.

Dungeon Overview and Level Annotations

Branches:
Dungeon (3/12)

Altars:
Okawaru
Sif Muna


Innate Abilities, Weirdness & Mutations

You cannot wear most types of armour.
Your thick skin is tough. (AC +6)
You are too large for most types of armour.
You have claws for hands.
Your metabolism is lightning-fast.
You like to eat raw meat.
Your natural rate of healing is unusually fast.


Message History

h - 2 chunks of flesh (gained 1)
You see here a frilled lizard skeleton.
You see here a rat skeleton.
p - a wand of random effects (12)
An orc priest comes into view. It is wielding a +0 dagger.
An orc priest is nearby!
No other missiles available.
Use F to throw any item.
A dart slug comes into view.
An orc comes into view. It is wielding a +0 club.
The orc shouts!
An orc comes into view. It is wielding a +0 hand axe.
An orc wizard comes into view. It is wielding a +0 dagger.
Found a fuming sapphire potion.
Throwing (i - inventory)
g - 398 stones (quivered)
Press: ? - help, Shift-Dir - straight line, f - orc priest
Aim: an orc priest, wielding a +0 dagger You throw a stone.
The orc wizard shouts!
The orc shouts!
The stone hits the orc priest but does no damage.
An orc priest comes into view. It is wielding a +0 hand axe.
The orc priest shouts!
You scratch the orc priest but do no damage.
The orc wizard gestures wildly while chanting.
The orc wizard blinks!
The orc priest hits you but does no damage.
A worker ant comes into view.
You claw the orc priest!
The orc priest is severely wounded.
You block the orc priest's attack.
The orc priest mumbles some strange prayers to Beogh against you.
Pain shoots through your body! The orc hits you with a +0 club.
You barely miss the orc. You block the orc's attack.
You barely miss the orc. The orc hits you with a +0 club.
You scratch the orc.
The orc is lightly wounded.
The orc hits you with a +0 club.
You barely miss the orc.
The orc is lightly wounded.
The orc priest calls down the wrath of Beogh upon you.
Beogh smites you! You block the orc's attack.
You mangle the orc!!
You kill the orc!
Cheibriados appreciates the change of pace.
You claw the orc!
You kill the orc!
Cheibriados thoroughly appreciates the change of pace.
You claw the dart slug!
You kill the dart slug!
The orc wizard casts a spell at you. You resist with some effort.
You closely miss the orc priest. You block the orc priest's attack.
You claw the orc priest!
The orc priest is heavily wounded.
The orc priest closely misses you.
You claw the orc priest!
You kill the orc priest!
Cheibriados appreciates the change of pace.
Your Unarmed Combat skill increases to level 3!
You barely miss the orc wizard.
The orc wizard hits you but does no damage.
You claw the orc wizard!
The orc wizard is severely wounded.
The orc wizard casts a spell at you. The magic dart hits you!
You miss the orc wizard.
The orc wizard is severely wounded.
The orc wizard hits you but does no damage.
You claw the orc wizard!
You kill the orc wizard!
Cheibriados appreciates the change of pace.
Your Shields skill increases to level 2!
You have reached level 5!
Your skin feels tougher.
The orc priest mumbles some strange prayers to Beogh against you.
Beogh smites you!
* * * LOW HITPOINT WARNING * * *
You claw the worker ant!
The worker ant is almost dead.
You block the worker ant's attack.
You claw the worker ant!
You kill the worker ant!
Cheibriados thoroughly appreciates the change of pace.
Your Dodging skill increases to level 1!
You barely miss the orc priest.
The orc priest is severely wounded.
The orc priest completely misses you.
You barely miss the orc priest.
The orc priest is severely wounded.
The orc priest barely misses you.
You barely miss the orc priest.
The orc priest is severely wounded.
The orc priest hits you but does no damage.
You closely miss the orc priest.
The orc priest is severely wounded.
You block the orc priest's attack.
You barely miss the orc priest.
The orc priest is severely wounded.
The orc priest calls down the wrath of Beogh upon you.
Beogh smites you!
You die...

########!
####.....w..
#........oa.
#.##o######.
#.##@#
#.##.#
#.##.#######
#.##........
#...########
#.#.########
#...........
#.#.########
#...#


You could see an orc priest.

Vanquished Creatures
  An orc priest (D:3)
  An orc wizard (D:3)
  A worker ant (D:3)
  4 gnolls (D:2)
  An ooze (D:1)
  A worm (D:3)
  4 dart slugs
  3 leopard geckos
  2 orcs (D:3)
  3 bats (D:1)
  2 giant cockroaches (D:1)
  7 goblins (D:1)
  4 hobgoblins
  5 kobolds
  A quokka (D:1)
  A ball python (D:1)
  2 frilled lizards
  4 rats
47 creatures vanquished.

Notes
Turn   | Place    | Note
-------+----------+-------------------------------------------
     0 | D:1      | MisterOstroum the Troll Sloth Apostle began the quest for
                  | the Orb.
     0 | D:1      | Reached XP level 1. HP: 19/19 MP: 1/1
   167 | D:1      | Reached XP level 2. HP: 28/28 MP: 2/2
   393 | D:1      | Reached XP level 3. HP: 34/35 MP: 3/3
   653 | D:1      | Reached skill level 1 in Evocations
   819 | D:2      | Reached * piety under Cheibriados
   950 | D:2      | Gained mutation: Your natural rate of healing is unusually
                  | fast. [Troll growth]
   950 | D:2      | Reached XP level 4. HP: 9/42 MP: 0/4
  1358 | D:2      | Found an iron altar of Okawaru.
  1359 | D:2      | Found a shimmering blue altar of Sif Muna.
  1453 | D:3      | Reached skill level 1 in Invocations
  1517 | D:3      | Reached skill level 3 in Unarmed Combat
  1521 | D:3      | Reached XP level 5. HP: 22/50 MP: 5/5
  1523 | D:3      | Reached skill level 1 in Dodging
  1528 | D:3      | Killed from afar by an orc priest

Skill      XL: |  1  2  3  4  5 |
---------------+----------------+-----
Fighting       | 2 |  2.6
Evocations     | 1 |  1.2
Invocations    | 1 |  1.2
Unarmed Combat | 3 |  3.2
Shields        | 2 |  2.0
Dodging        | 1 |  1.0
Stealth        | |  1.7
Spellcasting   | |  1.0
Hexes          | |  1.0

Action                   |  1- 3 |  4- 6 || total
-------------------------+-------+-------++-------
Melee: Unarmed           |   100 |    40 ||   140
Throw: Stone             |    21 |    13 ||    34
Invok: Bend Time         |     1 |       ||     1
 Stab: Sleeping          |     2 |       ||     2
  Eat: Chunk             |    12 |     4 ||    16
Armor: Skin              |    35 |    10 ||    45
Dodge: Dodged            |    16 |     4 ||    20
Block: Shield            |    32 |     8 ||    40
